 Dungeon Crawl Stone Soup version 0.18.1-48-g4cf74bf (webtiles) character file.

186 Peloso the Covered (level 5, -1/47 HPs)
             Began as a Minotaur Fighter on Sept 12, 2016.
             Slain by Elizilla's ghost (2 damage)
             ... on level 4 of the Dungeon.
             The game lasted 00:07:26 (2138 turns).

Peloso the Covered (Minotaur Fighter)               Turns: 2138, Time: 00:07:29

Health: -1/47      AC: 12    Str: 21    XL:     5   Next: 38%
Magic:  4/4        EV:  4    Int:  5    God:
Gold:   229        SH:  9    Dex: 10    Spells: 0 memorised, 4 levels left

rFire  . . .     SeeInvis .     a - +0 long sword
rCold  . . .     Gourm    .     t - +0 plate armour
rNeg   . . .     Faith    .     c - +0 shield
rPois  .         Spirit   .     (helmet restricted)
rElec  .         Dismiss  .     (no cloak)
rCorr  .         Reflect  .     (no gloves)
SustAt .         Harm     .     (no boots)
MR     .....                    (no amulet)
Stlth  ..........               (no ring)
                                p - ring of loudness (curse)

@: not resistant to hostile enchantments, extremely unstealthy
A: retaliatory headbutt, horns 2
a: no special abilities


You were on level 4 of the Dungeon.
You were not hungry.

You visited 1 branch of the dungeon, and saw 4 of its levels.

You collected 229 gold pieces.

Inventory:

Hand Weapons
 a - a +0 long sword (weapon)
Armour
 b - a +0 scale mail
 c - a +0 shield (worn)
 t - a +0 plate armour (worn)
Jewellery
 n - an uncursed amulet of dismissal
 p - a cursed ring of loudness (left hand)
Scrolls
 e - 5 scrolls of identify {unknown}
 g - a scroll of magic mapping {unknown}
 k - 3 scrolls of teleportation {unknown}
 q - a scroll of enchant armour {unknown}
Potions
 d - 2 potions of might
 h - a potion of brilliance {unknown}
 i - 2 potions of mutation {unknown}
 j - 2 potions of agility {unknown}
 l - a potion of degeneration {unknown}
 m - a potion of berserk rage {unknown}
Comestibles
 f - a bread ration
 o - a beef jerky
 r - 2 meat rations
 s - 2 chunks of flesh


   Skills:
 + Level 4.6 Fighting
 + Level 3.2 Long Blades
 + Level 5.1 Armour
 + Level 2.0 Dodging
 + Level 0.1 Stealth
 + Level 4.4 Shields


You had 4 spell levels left.
You didn't know any spells.

Dungeon Overview and Level Annotations

Branches:
Dungeon (4/15)
 Temple: D:4-7

Altars:
Pakellas
Qazlal

Portals:
Sewer: D:4

Annotations:
D:4 Elizilla's ghost, amateur TrMo


Innate Abilities, Weirdness & Mutations

You reflexively headbutt those who attack you in melee.
You have a pair of horns on your head.


Message History

You headbutt Elizilla's ghost, but do no damage.
Elizilla's ghost is lightly damaged.
Elizilla's ghost hits you but does no damage.
You closely miss Elizilla's ghost.
Elizilla's ghost is lightly damaged.
Elizilla's ghost hits you but does no damage. x2
You slash Elizilla's ghost! Your headbutt misses Elizilla's ghost.
Elizilla's ghost is heavily damaged.
Elizilla's ghost barely misses you. You furiously retaliate!
You headbutt Elizilla's ghost.
You hit Elizilla's ghost but do no damage.
Elizilla's ghost is heavily damaged.
Elizilla's ghost hits you!
You hit Elizilla's ghost but do no damage.
You headbutt Elizilla's ghost.
Elizilla's ghost is heavily damaged.
Elizilla's ghost hits you!
* * * LOW HITPOINT WARNING * * *
Elizilla's ghost hits you.
You die...

.. #......# #......#
#......# #
#......#########
#.####+###.........#
.........#.........#
.........#.........#
.........'.........#
.......@.#.........#
...##+##W#.........#
...#≈SS#....########
...#≈≈S#....#
.).#≈∩≈#^...#
...#≈≈≈#....#
...#≈≈≈#....#
...#####....#
...........#


You could see Elizilla's ghost and 3 adders.

Vanquished Creatures
  2 orc priests (D:3)
  An orc wizard (D:3)
  3 adders
  An ooze (D:1)
  3 dart slugs
  A giant gecko (D:1)
  8 orcs (D:3)
  A ball python (D:3)
  3 giant cockroaches
  4 goblins
  8 hobgoblins
  2 quokkas (D:3)
  2 bats
  2 giant newts
  11 kobolds
  3 rats
55 creatures vanquished.

Vanquished Creatures (others)
  4 toadstools (D:1)
4 creatures vanquished.

Grand Total: 59 creatures vanquished

Notes
Turn   | Place    | Note
--------------------------------------------------------------
     0 | D:1      | Peloso the Minotaur Fighter began the quest for the Orb.
     0 | D:1      | Reached XP level 1. HP: 19/19 MP: 0/0
    60 | D:1      | Reached skill level 4 in Armour
    69 | D:1      | Reached XP level 2. HP: 24/27 MP: 1/1
   639 | D:2      | Reached XP level 3. HP: 33/33 MP: 2/2
   966 | D:2      | Found a stormy altar of Qazlal.
  1202 | D:3      | Reached skill level 1 in Dodging
  1202 | D:3      | Reached XP level 4. HP: 31/41 MP: 3/3
  1227 | D:3      | Found an oddly glowing altar of Pakellas.
  1232 | D:3      | Reached XP level 5. HP: 14/47 MP: 4/4
  1613 | D:3      | Reached skill level 5 in Armour
  2117 | D:4      | Found a glowing drain.
  2123 | D:4      | Noticed Elizilla's ghost (amateur TrMo)
  2138 | D:4      | HP: 1/47 [Elizilla's ghost (17)]
  2138 | D:4      | Slain by Elizilla's ghost

Skill      XL: |  1  2  3  4  5 |
---------------+----------------+-----
Armour         | 4 5 |  5.1
Fighting       | 4 |  4.6
Shields        | 4 |  4.4
Dodging        | 1 2 |  2.0
Long Blades    | 3 |  3.2
Stealth        | |  0.1

Action                   |  1- 3 |  4- 6 || total
-------------------------+-------+-------++-------
Melee: Long sword        |    85 |    43 ||   128
       Headbutt          |    14 |     6 ||    20
  Eat: Chunk             |       |     4 ||     4
Armor: Scale mail        |    45 |     8 ||    53
       Plate armour      |       |     3 ||     3
Dodge: Dodged            |    19 |    21 ||    40
Block: Shield            |    51 |    20 ||    71
